 Dungeon Crawl Stone Soup version 0.22.1-1-ga44c0e5 (webtiles) character file.

37479 Velaskes the Basher (level 13, -1/86 HPs)
             Began as a Gargoyle Abyssal Knight on Oct 30, 2018.
             Was the Champion of Lugonu.
             Collided with some deep water (18 damage)
             ... caused by a swamp worm
             ... on level 3 of the Swamp on Oct 31, 2018.
             The game lasted 01:28:26 (14306 turns).

Velaskes the Basher (Gargoyle Abyssal Knight)      Turns: 14306, Time: 01:28:26

Health: -1/86      AC: 27    Str: 25    XL:     13   Next: 97%
Magic:  14/14      EV: 13    Int: 13    God:    Lugonu [******]
Gold:   594        SH:  0    Dex: 10    Spells: 12/12 levels left

rFire    + + .     SeeInvis .   h - +7 mace (distort)
rCold    . . .     Gourm    .   (no shield)
rNeg     + . .     Faith    .   d - +0 plate armour
rPois    ∞         Spirit   .   E - +0 hat
rElec    +         Reflect  .   (no cloak)
rCorr    .         Harm     .   (no gloves)
MR       ++...                  r - +0 pair of boots
Stlth    ..........             M - amulet of regeneration
HPRegen  0.64/turn              u - ring of Sif Muna's Indignation {rF++ EV+3 Slay+3}
MPRegen  0.14/turn              t - +5 ring of strength

@: very slightly contaminated
A: hooves 1, magic resistance 2, negative energy resistance 1, electricity
resistance, unbreathing, petrification resistance, rot immunity, AC +9
a: Depart the Abyss, Bend Space, Banish, Corrupt, Enter the Abyss, Renounce
Religion


You were on level 3 of the Swamp.
You worshipped Lugonu.
Lugonu was exalted by your worship.
You were not hungry.

You visited 3 branches of the dungeon, and saw 15 of its levels.
You visited the Abyss 1 time.

You collected 724 gold pieces.
You spent 130 gold pieces at shops.

Inventory:

Hand Weapons
 a - a +1 mace
 h - a +7 mace of distortion (weapon)
 s - the +9 staff of Olgreb {rPois}
   (You found it on level 5 of the Dungeon)

   It protects you from poison.
Armour
 d - a +0 plate armour (worn)
 k - a +0 chain mail
 r - a +0 pair of boots (worn)
 E - a +0 hat (worn)
 N - a +1 ring mail of magic resistance
Jewellery
 e - an uncursed ring of flight
 t - a +5 ring of strength (right hand)
 u - the ring of Sif Muna's Indignation (left hand) {rF++ EV+3 Slay+3}
   (You found it on level 5 of the Dungeon)

   [ring of evasion]

   It affects your evasion (+3).
   It affects your accuracy and damage with ranged weapons and melee attacks
   (+3).
   It greatly protects you from fire.
 M - an amulet of regeneration (around neck)
Wands
 w - a wand of polymorph (24)
 A - a wand of paralysis (16)
 H - a wand of disintegration (14)
Scrolls
 j - 10 scrolls of teleportation
 l - 2 scrolls of fog
 p - 11 scrolls of remove curse
 G - a scroll of holy word
 K - a scroll of blinking
 L - a scroll of immolation
Potions
 b - 2 potions of invisibility {unknown}
 i - 3 potions of brilliance
 x - 2 potions of lignification {unknown}
 z - 2 potions of haste {unknown}
 D - a potion of curing
 J - 2 potions of degeneration {unknown}
Comestibles
 c - 15 rations


   Skills:
 + Level 12.2 Fighting
 + Level 14.6 Maces & Flails
 + Level 13.8 Armour
 + Level 5.5 Dodging
 + Level 3.0 Stealth
 + Level 2.1 Invocations


You had 12 spell levels left.
You didn't know any spells.
Your spell library contained the following spells:

 Spells                   Type           Power        Failure   Level  Hunger
 Corona                   Hex            #......      94%         1    ##.....
 Ensorcelled Hibernation  Hex/Ice        #.....       98%         2    ###....
 Confuse                  Hex            #.......     100%        3    ####...
 Dazzling Spray           Conj/Hex       #.....       100%        3    ####...
 Tukima's Dance           Hex            #.......     100%        3    ####...


Dungeon Overview and Level Annotations

Branches:
Dungeon (10/15)            Temple (0/1) D:4            Lair (2/6) D:10
  Swamp (3/4) Lair:2
  Snake: Lair:2-4    Spider: Lair:2-4       Orc: D:9-12

Altars:
Gozag
Uskayaw
Yredelemnul

Shops:
D:6 !

Annotations:
D:5 1 runed door
Abyss:1 Kirke


Innate Abilities, Weirdness & Mutations

You are resistant to torment.
Your stone body is resilient. (AC +9)
You are immune to poison.
You resist negative energy. (rN+)
You are resistant to electric shocks. (rElec)
You can survive without breathing.
You are immune to petrification.
You are immune to rotting.
You have large cloven feet.
You are highly resistant to hostile enchantments. (MR++)


Message History

The volley of thorns hits you!
* * * LOW HITPOINT WARNING * * *
Blink to where?
Press: ? - help, Dir - move target cursor You are very lightly contaminated with residual magic.
As you read the scroll of blinking, it crumbles to dust.
You enter the shallow water.
Moving in this stuff is going to be slow.
You enter the shallow water.
Moving in this stuff is going to be slow.
The thorn hunter gestures.
Thorny briars emerge from the ground!
The swamp worm throws harpoon shot at you.
The harpoon shot misses you.
The swamp worm throws harpoon shot at you.
The harpoon shot hits you!
* * * LOW HITPOINT WARNING * * *
You are yanked forward by the harpoon shot.
You violently stop moving!
You die...

♣≈..#####..≈≈≈.PP♣.≈≈..≈≈≈
♣≈≈........≈≈≈≈.♣♣♣≈≈≈....
♣≈.......♣....♣P♣ [≈.≈≈≈≈
♣♣.♣..§≈≈≈....w[≈♣ ♣≈≈...♣
♣≈..≈....÷)≈...≈.♣ .≈.♣≈
♣≈≈≈≈≈.≈≈≈≈≈..♣≈≈♣ .♣..≈
♣.≈≈.≈...≈≈f.♣..≈♣ ≈.≈
♣≈≈.≈♣.≈.<≈.≈≈≈≈.♣
♣♣.≈≈≈.≈≈)≈@.♣♣≈.♣
♣.≈≈.....♣§♣♣ ..♣
♣.≈..≈≈.♣§≈♣ ♣♣≈≈≈♣≈<..♣♣
♣≈...≈≈≈.♣ ♣≈.♣.≈.≈.♣
♣.♣♣♣♣PPP♣ ♣ ♣♣♣♣♣


You could see a thorn hunter and a swamp worm.

Vanquished Creatures
  A tentacled monstrosity (Swamp:3)
  Harold (D:8)
  4 hydras
  5 alligators
  Nergalle (D:10)
  2 swamp dragons
  A shambling mangrove (Swamp:3)
  A manticore (D:10)
  An oklob plant (D:10)
  A black mamba (Lair:2)
  7 spiny frogs
  2 komodo dragons
  3 trolls
  3 tyrant leeches
  7 hornets
  6 bog bodies
  A hippogriff (D:7)
  7 slime creatures (Swamp:1)
  5 spriggans
  4 wraiths
  6 yaks (D:9)
  3 hogs (Swamp:1)
  Eustachio (D:4)
  A basilisk (Lair:1)
  A steam dragon (D:10)
  6 vampire mosquitoes
  6 insubstantial wisps (Swamp:1)
  5 swamp worms
  3 soldier ants (D:5)
  11 water moccasins
  2 porcupines
  9 swamp drakes
  3 orc warriors
  2 sky beasts
  A necrophage (D:8)
  A phantom (D:6)
  4 ogres
  A black bear (D:10)
  4 wolves (Lair:2)
  7 centaurs
  3 crocodiles
  A big kobold (D:9)
  Blork the orc (D:6)
  9 bullfrogs
  An elf skeleton (D:9)
  A scorpion (D:10)
  16 killer bees
  An electric eel (Lair:2)
  10 wights
  5 howler monkeys
  A crimson imp (D:8)
  A bullfrog zombie (D:9)
  2 centaur zombies
  4 human zombies (D:9)
  6 orc priests
  3 gnoll shamans
  A hound (D:8)
  A jelly (D:9)
  13 orc wizards
  A bullfrog skeleton (D:8)
  2 centaur skeletons
  4 iguanas
  16 worker ants
  An ogre zombie (D:9)
  2 hound zombies
  A hound skeleton (D:7)
  A mummy (D:9)
  14 gnolls
  17 adders
  An adder skeleton (D:4)
  3 worms
  2 dart slugs
  5 leopard geckos
  44 orcs
  5 bats
  7 giant cockroaches
  11 goblins
  7 hobgoblins (D:1)
  10 jackals
  4 quokkas
  4 frilled lizards
  A jackal skeleton (D:6)
  14 kobolds
  2 quokka zombies
  11 rats
  A briar patch (Swamp:3)
  4 bushes (Lair:1)
  12 plants
427 creatures vanquished.

Vanquished Creatures (others)
  A hydra (Swamp:2)
  2 alligators
  2 spriggan riders
  A slime creature (Swamp:1)
  A spiny frog (Lair:2)
  A vampire mosquito (Swamp:1)
  2 swamp worms
  2 swamp drakes
  An orc (D:10)
  2 fungi (Lair:2)
  A plant (Lair:2)
16 creatures vanquished.

Grand Total: 443 creatures vanquished

Notes
Turn   | Place    | Note
-------+----------+-------------------------------------------
     0 | Abyss:1  | Velaskes the Gargoyle Abyssal Knight began the quest for
                  | the Orb.
     0 | Abyss:1  | Reached XP level 1. HP: 14/14 MP: 2/2
     4 | D:1      | Escaped the Abyss
    11 | D:1      | Noticed a polar bear
    11 | D:1      | Noticed a rime drake
    19 | D:1      | Reached * piety under Lugonu
    36 | D:1      | Noticed an anaconda
   156 | D:1      | Reached XP level 2. HP: 10/19 MP: 3/3
   904 | D:1      | Reached XP level 3. HP: 24/24 MP: 4/4
   943 | D:1      | Reached skill level 1 in Dodging
  1147 | D:1      | Gained mutation: You are resistant to hostile enchantments.
                  | (MR+) [potion of mutation]
  1147 | D:1      | Gained mutation: You have large cloven feet. [potion of
                  | mutation]
  1147 | D:1      | Gained mutation: You are highly resistant to hostile
                  | enchantments. (MR++) [potion of mutation]
  1425 | D:2      | Reached XP level 4. HP: 23/29 MP: 5/5
  1445 | D:2      | Reached ** piety under Lugonu
  1452 | D:2      | Reached skill level 3 in Maces & Flails
  2243 | D:3      | Reached XP level 5. HP: 29/33 MP: 6/6
  2664 | D:4      | Found a hide-covered altar of Uskayaw.
  2830 | D:4      | Reached XP level 6. HP: 31/39 MP: 7/7
  2836 | D:4      | Reached skill level 4 in Maces & Flails
  2884 | D:4      | Found a staircase to the Ecumenical Temple.
  3107 | D:4      | Noticed Eustachio
  3141 | D:4      | Killed Eustachio
  3141 | D:4      | Reached skill level 5 in Maces & Flails
  3141 | D:4      | Reached XP level 7. HP: 44/44 MP: 8/8
  3213 | D:4      | Reached skill level 5 in Fighting
  3439 | D:5      | Entered Level 5 of the Dungeon
  3448 | D:5      | Noticed a soldier ant
  3450 | D:5      | Found a runed door.
  3458 | D:5      | Noticed a soldier ant
  3459 | D:5      | Found a runed gate.
  3466 | D:5      | Found the +9 staff of Olgreb {rPois}
  3545 | D:5      | Found a runed gate.
  3545 | D:5      | Noticed a soldier ant
  3547 | D:5      | Found a runed door.
  3557 | D:5      | Found a runed gate.
  3576 | D:5      | Reached skill level 5 in Armour
  3582 | D:5      | Reached skill level 6 in Maces & Flails
  3582 | D:5      | Reached skill level 1 in Stealth
  3591 | D:5      | Reached XP level 8. HP: 43/49 MP: 9/9
  3627 | D:5      | Reached *** piety under Lugonu
  3654 | D:5      | Reached skill level 7 in Maces & Flails
  3773 | D:5      | Reached XP level 9. HP: 43/55 MP: 10/10
  3794 | D:5      | Reached skill level 8 in Maces & Flails
  3929 | D:5      | Got a heavily runed leather armour
  3953 | D:5      | Got a shimmering tin ring
  3955 | D:5      | Identified the ring of Sif Muna's Indignation {rF++ EV+3
                  | Slay+3} (You found it on level 5 of the Dungeon)
  4521 | D:6      | Found Qiviv's Distillery.
  4534 | D:6      | Bought a potion of heal wounds for 65 gold pieces
  4534 | D:6      | Bought a potion of heal wounds for 65 gold pieces
  4547 | D:6      | Noticed Blork the orc
  4554 | D:6      | Killed Blork the orc
  4740 | D:6      | Reached skill level 9 in Maces & Flails
  4749 | D:6      | Identified the +1 leather armour "Mabiarru" {*Drain Int+3
                  | Dex+5} (You found it on level 5 of the Dungeon)
  5155 | D:7      | Reached **** piety under Lugonu
  5313 | D:7      | Reached XP level 10. HP: 63/63 MP: 11/11
  5467 | D:7      | Reached skill level 10 in Maces & Flails
  5646 | D:8      | Noticed Harold
  5689 | D:8      | Killed Harold
  5769 | D:9      | Reached ***** piety under Lugonu
  5830 | D:9      | Reached skill level 11 in Maces & Flails
  6046 | D:9      | Reached XP level 11. HP: 68/68 MP: 12/12
  6758 | D:8      | Found an opulent altar of Gozag.
  7302 | D:9      | Found a basalt altar of Yredelemnul.
  7552 | D:10     | Entered Level 10 of the Dungeon
  7703 | D:10     | Reached skill level 12 in Maces & Flails
  7786 | D:10     | Noticed a manticore
  7814 | D:10     | Killed a manticore
  8022 | D:10     | Noticed Nergalle
  8053 | D:10     | Killed Nergalle
  8053 | D:10     | Reached skill level 10 in Armour
  8353 | D:10     | Found a staircase to the Lair.
  8354 | D:10     | Noticed an oklob plant
  8508 | D:10     | Killed an oklob plant
  8585 | Lair:1   | Entered Level 1 of the Lair of Beasts
  9066 | Lair:1   | Got a shimmering ring mail
  9066 | Lair:1   | Paralysed by fainting for 9 turns
  9096 | Lair:1   | Identified the cursed +0 ring mail "Yguegon" {rPois MP+9
                  | Str-4} (You found it on level 1 of the Lair of Beasts)
  9113 | Lair:1   | Paralysed by fainting for 8 turns
  9128 | Lair:1   | Paralysed by fainting for 9 turns
  9563 | Lair:1   | Noticed an eight-headed hydra
  9581 | Lair:1   | Killed an eight-headed hydra
  9581 | Lair:1   | Reached skill level 13 in Maces & Flails
  9581 | Lair:1   | Reached XP level 12. HP: 19/76 MP: 13/13
 10091 | Lair:2   | Found a staircase to the Swamp.
 10453 | Lair:2   | Reached ****** piety under Lugonu
 10484 | Lair:2   | Reached skill level 5 in Dodging
 10605 | Lair:2   | Identified a +5 mace of distortion (a +3 mace of protection
                  | corrupted by Lugonu)
 10605 | Lair:2   | Received a gift from Lugonu
 10619 | Swamp:1  | Entered Level 1 of the Swamp
 10719 | Swamp:1  | Noticed Kirke
 10750 | Swamp:1  | Noticed a four-headed hydra
 10760 | Swamp:1  | Killed a four-headed hydra
 10766 | Swamp:1  | Reached skill level 10 in Fighting
 11020 | Swamp:1  | Banished Kirke
 11070 | Swamp:1  | Reached skill level 14 in Maces & Flails
 11126 | Swamp:1  | Noticed a spriggan rider
 11130 | Swamp:1  | Banished a spriggan rider
 11247 | Swamp:1  | Noticed an alligator
 11311 | Swamp:1  | Killed an alligator
 11530 | Swamp:1  | Noticed an eight-headed hydra
 11699 | Swamp:1  | Reached XP level 13. HP: 60/83 MP: 14/14
 13089 | Swamp:3  | Noticed a tentacled monstrosity
 13590 | Swamp:3  | HP: 2/85 [spriggan rider/spear (8)]
 13976 | Swamp:3  | Killed a tentacled monstrosity
 14163 | Swamp:3  | Noticed a thorn hunter
 14306 | Swamp:3  | Collided with some deep water

Skill      XL: |  1  2  3  4  5  6  7  8  9 10 11 12 13 |
---------------+----------------------------------------+-----
Dodging        | 1 2 3 4 5 |  5.5
Maces & Flails | 3 5 6 7 9 11 13 14 | 14.6
Armour         | 3 4 5 6 7 9 10 11 13 | 13.8
Fighting       | 4 5 6 7 8 9 10 12 | 12.2
Stealth        | 1 2 3 |  3.0
Invocations    | |  2.1

Action                   |  1- 3 |  4- 6 |  7- 9 | 10-12 | 13-15 || total
-------------------------+-------+-------+-------+-------+-------++-------
Melee: Mace              |   127 |   185 |   447 |  1319 |   327 ||  2405
       Kick              |     6 |    39 |    10 |       |       ||    55
Invok: Depart the Abyss  |     1 |       |       |       |       ||     1
       Brand Weapon With |       |       |       |     1 |       ||     1
  Use: Potion            |     3 |       |     3 |     9 |     1 ||    16
       Scroll            |     2 |     2 |     8 |     6 |     6 ||    24
 Stab: Confused          |       |       |       |       |     1 ||     1
  Eat: Ration            |     1 |       |     2 |     5 |     2 ||    10
       Chunk             |       |     4 |     3 |     6 |     1 ||    14
Armor: Leather armour    |    53 |       |       |       |       ||    53
       Chain mail        |    45 |   150 |   310 |  1009 |       ||  1514
       Plate armour      |       |       |       |    49 |   223 ||   272
Dodge: Dodged            |    99 |    64 |   277 |  1086 |   163 ||  1689
